 Dungeon Crawl Stone Soup version 0.25-a0-435-g4b9beb1 (webtiles) character file.

Game seed: 6469817142425090460, levelgen mode: deterministic

57763 2tousent the Ripper (level 14, -6/87 HPs)
             Began as a Felid Berserker on Jan 26, 2020.
             Was the Champion of Trog.
             Mangled by an alligator (18 damage)
             ... called by a spriggan druid
             ... on level 4 of the Swamp.
             The game lasted 01:36:09 (29165 turns).

2tousent the Ripper (Felid Berserker)              Turns: 29165, Time: 01:36:10

Health: -6/87      AC:  3    Str: 13    XL:     14   Next: 47%
Magic:  31/31      EV: 34    Int: 11    God:    Trog [******]
Gold:   1515       SH:  0    Dex: 20    Spells: 13/13 levels left
                                        Lives:  0   Deaths: 4

rFire    . . .     SeeInvis +     - Unarmed
rCold    + . .     Gourm    .   (shield unavailable)
rNeg     . . .     Faith    .   (armour unavailable)
rPois    +         Spirit   .   (helmet unavailable)
rElec    .         Reflect  .   (cloak unavailable)
rCorr    .         Harm     .   (gloves unavailable)
MR       ++++.                  (boots unavailable)
Stlth    +++++++...             G - amulet of Vitality {Regen+ HP+15}
HPRegen  1.64/turn              I - ring of the Ego {rPois MP+9}
MPRegen  0.22/turn              y - ring "Plog" {+Fly Slay+2 Stlth+}

@: berserk cooldown, flying, very slightly contaminated, regenerating, hasted
and slowed, quick
A: very small, no armour, no weapons or thrown items, stealth, claws 1, fangs 3,
see invisible, carnivore, speed 1, shaggy fur 3, slow metabolism 1, sharp paws
a: Berserk, Trog's Hand, Brothers in Arms, Renounce Religion, Stop Flying


You were on level 4 of the Swamp.
You worshipped Trog.
Trog was exalted by your worship.
You were not hungry.

You visited 4 branches of the dungeon, and saw 27 of its levels.
You also visited: Bailey and Gauntlet.

You collected 2603 gold pieces.
You spent 1088 gold pieces at shops.

Inventory:

Jewellery
 f - an uncursed amulet of the acrobat {unknown}
 n - an uncursed ring of protection from magic
 y - the ring "Plog" (right paw) {+Fly Slay+2 Stlth+}
   (You acquired it on level 9 of the Dungeon)

   [ring of flight]

   It affects your accuracy and damage with ranged weapons and melee attacks
   (+2).
   It lets you fly.
   It makes you more stealthy.
 G - the amulet of Vitality (around neck) {Regen+ HP+15}
   (You acquired it on level 9 of the Dungeon)

   [amulet of regeneration]

   It affects your health (+15).
   It increases your rate of regeneration.
 I - the ring of the Ego (left paw) {rPois MP+9}
   (You found it in a Gauntlet)

   [ring of magical power]

   It protects you from poison.
   It affects your magic capacity (+9).
 K - a +3 ring of dexterity
 L - the ring "Ygerch" {Fire rN+}
   (You found it in a Gauntlet)

   [ring of fire]

   It enhances your fire magic.
   It protects you from fire.
   It makes you vulnerable to cold.
   It protects you from negative energy.
 P - an uncursed ring of ice
 S - an uncursed ring of flight
 U - an uncursed ring of stealth
Wands
 k - a wand of iceblast (8)
 l - a wand of polymorph (6)
 A - a wand of acid (28)
 B - a wand of enslavement (25)
 C - a wand of flame (34)
 E - a wand of scattershot (6)
 Q - a wand of digging (8)
 T - a wand of clouds (4)
 Z - a wand of paralysis (5)
Scrolls
 c - 4 scrolls of teleportation
 d - a scroll of brand weapon
 e - 2 scrolls of fear
 j - 9 scrolls of identify
 m - a scroll of magic mapping
 q - 4 scrolls of fog
 t - 8 scrolls of remove curse
 v - 3 scrolls of blinking
Potions
 b - 3 potions of mutation
 g - 9 potions of lignification
 h - 5 potions of flight
 i - 2 potions of berserk rage
 p - 2 potions of resistance
 r - a potion of ambrosia
 s - 2 potions of agility
 u - 7 potions of haste
 x - 5 potions of brilliance
 F - 2 potions of magic
 H - 2 potions of might
 J - a potion of cancellation
 X - 2 potions of curing
Miscellaneous
 o - a fan of gales
 N - 2 sacks of spiders
 V - a phantom mirror
 W - a box of beasts
Comestibles
 a - 57 rations


   Skills:
 + Level 14.0 Fighting
 + Level 17.5 Dodging
 + Level 15.5 Stealth
 * Level 18.2 Unarmed Combat
 - Level 10.1 Evocations


You had 13 spell levels left.
You didn't know any spells.
Your spell library was empty.

Dungeon Overview and Level Annotations

Branches:
Dungeon (15/15)            Temple (0/1) D:5            Lair (6/6) D:8
  Swamp (4/4) Lair:2       Spider (0/4) Lair:2        Slime (0/5) Lair:6
    Orc (2/2) D:11            Elf (0/3) Orc:2        Vaults (0/5) D:13
 Depths (0/5) D:15         Bailey (visited)         Gauntlet (visited)

Altars:
Ashenzari
Cheibriados
Dithmenos
Elyvilon
Fedhas
Gozag
Kikubaaqudgha
Ru
Sif Muna
Trog
Vehumet
Xom
Yredelemnul
Jiyva

Shops:
D:5 :   D:9 *   D:12 [   Orc:2 }(=(%

Annotations:
D:9 3 runed translucent doors, alcopop's ghost, journeyman DsWr
Swamp:2 2 transporters, Cotyu's ghost, journeyman GrVM


Innate Abilities, Weirdness & Mutations

You cannot wear armour.
You are incapable of wielding weapons or throwing items.
Your paws allow you to move quietly. (Stealth)
You have sharp claws.
You have razor-sharp teeth.
You have supernaturally acute eyesight. (SInv)
You are carnivorous and can eat meat at any time.
You cover ground quickly.
Your thick and shaggy fur keeps you warm. (AC +3, rC+)
You have a slow metabolism.
Your sharp claws are effective at attacking unaware monsters.


Message History

You are exhausted.
You feel yourself slow down. The alligator bites you!
* * * LOW HITPOINT WARNING * * *
The alligator completely misses you.
Unknown command.
Okay, then.
Blink to where?
Press: ? - help, Dir - move target cursor You are very lightly contaminated with residual magic.
As you read the scroll of blinking, it crumbles to dust.
A hornet comes into view.
You feel yourself speed up.
You feel very buoyant.
You fly up into the air.
You feel somewhat more hungry.
Okay, then.
Your skin crawls.
You feel resistant to hostile enchantments.
You feel quite a bit more hungry. The alligator completely misses you.
The alligator tail-slaps you!!
You die...

≈≈≈........≈.≈≈≈≈≈≈≈≈≈....≈♣♣♣
≈≈≈.≈.♣.≈[†..≈≈≈≈≈≈..[♣♣.♣♣♣
.≈§...♣♣.....≈≈≈≈≈≈....♣♣♣
≈≈....≈♣♣♣≈...≈.†§≈≈....♣
§≈≈≈≈...÷♣♣..♣♣...♣.≈≈.♣ ♣
♣♣♣♣≈≈≈≈.♣(≈.≈≈≈.♣♣...♣♣
♣...♣♣≈.≈≈.♣♣≈≈≈≈.≈♣♣♣♣♣♣
♣.≈..§≈≈.≈♣♣♣.≈ty.≈♣♣♣≈♣
♣.≈$≈≈≈≈.♣♣ ♣.≈.@≈≈≈.≈♣♣♣♣♣♣
♣♣≈.$..♣♣♣ ♣...≈≈≈≈.♣♣♣♣..♣
♣♣♣≈≈♣ ♣♣♣♣≈≈..≈≈≈≈....≈≈♣
♣≈♣♣ ♣≈.≈≈.≈..≈≈≈≈≈≈...♣♣ ♣♣
♣♣..≈≈≈♣♣♣≈≈≈≈≈≈≈≈.♣
♣♣≈≈♣♣♣♣≈.≈≈≈≈≈≈≈.♣ ♣♣♣♣
♣≈♣..≈≈≈≈≈.♣ ♣♣♣♣♣♣≈..♣♣♣
♣♣♣♣♣


You could see an alligator and a hornet.

Vanquished Creatures
  Rupert (D:15)
  3 thorn hunters (Swamp:4)
  Donald (Swamp:4)
  An orc warlord (Bailey)
  A minotaur (Gauntlet)
  A dire elephant (Lair:6)
  2 vault guards (D:13)
  Erolcha (D:9)
  12 hydras
  6 centaur warriors
  Fannar (Orc:1)
  3 shambling mangroves (Swamp:1)
  A catoblepas (Lair:6)
  5 alligators
  2 ogre magi (Orc:2)
  8 two-headed ogres
  A queen ant (Gauntlet)
  Urug (D:11)
  3 spriggans
  A deep elf knight (D:13)
  A skeletal warrior (D:15)
  2 deep trolls (Orc:2)
  A spriggan druid (Swamp:4)
  8 swamp dragons
  2 unseen horrors (D:14)
  2 lindwurms (Lair:6)
  A wizard (D:13)
  2 orc knights
  2 wolf spider zombies
  3 deep elf magi
  A necromancer (D:13)
  2 oklob plants (Lair:3)
  10 ugly things
  7 cyclopes
  2 orc sorcerers (Orc:1)
  3 manticores
  7 centaur zombies
  A torpor snail (Lair:6)
  4 gargoyles
  8 black mambas
  Maggie (D:9)
  19 spiny frogs
  3 rime drakes
  6 kobold demonologists
  2 death drake zombies (Swamp:4)
  8 komodo dragons
  14 trolls
  A hydra zombie (Swamp:4)
  A hornet (shapeshifter) (D:15)
  4 tyrant leeches
  8 hornets
  4 bog bodies
  A raiju (shapeshifter) (D:15)
  11 dream sheep (Lair:6)
  27 slime creatures
  A blink frog (shapeshifter) (D:15)
  15 blink frogs
  8 hippogriffs
  3 shadows
  A vampire (D:15)
  Sigmund (D:5)
  4 wyverns
  3 basilisks
  26 yaks
  2 hungry ghosts
  14 humans (D:13)
  A hog (Swamp:2)
  10 vampire mosquitoes
  A warg (Orc:2)
  Menkaure (D:7)
  4 insubstantial wisps (Swamp:1)
  15 swamp worms
  6 soldier ants (Gauntlet)
  9 water moccasins
  A hydra simulacrum (Swamp:4)
  Duvessa (D:4)
  7 porcupines
  An acid dragon (D:15)
  5 ice beasts
  2 sky beasts
  10 swamp drakes
  A black bear (D:11)
  A swamp dragon zombie (Swamp:4)
  26 ogres
  2 eyes of draining
  19 orc warriors
  An eye of draining (shapeshifter) (D:13)
  2 phantoms
  18 wolves
  16 centaurs
  6 boggarts (D:15)
  A swamp dragon skeleton (Swamp:4)
  12 crocodiles
  9 big kobolds
  A big kobold (shapeshifter) (D:14)
  25 bullfrogs
  5 scorpions
  Dowan (D:4)
  11 killer bees
  21 wights
  10 howler monkeys
  4 electric eels (D:10)
  6 crimson imps
  2 quasits
  A bullfrog skeleton (D:4)
  3 jellies
  7 centaur skeletons
  13 orc priests
  5 hounds
  16 orc wizards
  6 iguanas
  10 worker ants
  A hound zombie (D:3)
  A hound skeleton (D:3)
  A howler monkey zombie (D:10)
  4 worker ant zombies
  9 gnolls
  10 adders
  4 shadow imps
  An ooze (D:2)
  5 adder zombies
  5 adder skeletons
  8 worms
  3 dart slugs
  4 leopard geckos
  81 orcs
  2 ball pythons
  5 giant cockroaches
  12 goblins
  9 hobgoblins
  5 jackals (D:6)
  8 quokkas
  A ball python skeleton (D:3)
  8 bats
  5 frilled lizards
  A giant cockroach zombie (D:3)
  A jackal skeleton (D:9)
  A jackal zombie (D:3)
  31 kobolds
  A quokka skeleton (D:3)
  A quokka zombie (D:6)
  3 rats
  4 fungi (Swamp:3)
882 creatures vanquished.

Vanquished Creatures (collateral kills)
  Gastronok (Lair:2)
  Kirke (Swamp:2)
  Nessos (Lair:4)
  A fire dragon (Lair:1)
  A great orb of eyes (Gauntlet)
  A vault guard (D:13)
  A hydra (Lair:6)
  2 shambling mangroves
  An alligator (Swamp:2)
  A two-headed ogre (Orc:2)
  3 skeletal warriors (D:15)
  A fire crab (shapeshifter) (D:15)
  3 wizards (D:13)
  A moth of wrath (Gauntlet)
  3 ugly things
  An eye of devastation (shapeshifter) (D:15)
  A spiny frog (Lair:5)
  2 hornets (Swamp:2)
  A tyrant leech (Swamp:2)
  4 yaks (Lair:6)
  3 hogs (Swamp:2)
  2 humans (D:13)
  2 orc warriors
  2 ogres (Orc:2)
  2 boggarts (D:15)
  5 wolves
  2 orcs (Bailey)
  A hobgoblin (Bailey)
  2 kobolds (Bailey)
52 creatures vanquished.

Vanquished Creatures (others)
  2 two-headed ogres (Orc:2)
  An ogre (Orc:2)
  2 kobolds (D:13)
  3 briar patches (Swamp:4)
  3 fungi
  10 plants
21 creatures vanquished.

Grand Total: 955 creatures vanquished

Notes
Turn   | Place    | Note
-------+----------+-------------------------------------------
     0 | D:1      | 2tousent the Felid Berserker began the quest for the Orb.
     0 | D:1      | Reached XP level 1. HP: 10/10 MP: 2/2
   218 | D:1      | Reached XP level 2. HP: 7/14 MP: 3/3
   648 | D:1      | Reached skill level 1 in Stealth
   975 | D:1      | Reached XP level 3. HP: 17/17 MP: 4/4
  1228 | D:2      | Reached ** piety under Trog
  1816 | D:2      | Found an ancient bone altar of Kikubaaqudgha.
  1818 | D:2      | Found a shimmering blue altar of Sif Muna.
  1823 | D:2      | Found a radiant altar of Vehumet.
  2530 | D:3      | Reached XP level 4. HP: 17/21 MP: 5/5
  2541 | D:3      | Reached skill level 5 in Dodging
  2696 | D:3      | Reached skill level 4 in Unarmed Combat
  2757 | D:3      | Reached XP level 5. HP: 16/25 MP: 6/6
  3046 | D:3      | Gained mutation: You are covered in thick fur. (AC +2)
                  | [Felid growth]
  3046 | D:3      | Reached XP level 6. HP: 5/29 MP: 7/7
  3347 | D:3      | Reached *** piety under Trog
  3723 | D:4      | Noticed Dowan
  3734 | D:4      | Killed Dowan
  3734 | D:4      | Reached skill level 5 in Unarmed Combat
  3735 | D:4      | Noticed Duvessa
  3744 | D:4      | Killed Duvessa
  3744 | D:4      | Reached skill level 5 in Fighting
  3744 | D:4      | Reached XP level 7. HP: 26/33 MP: 8/8
  4038 | D:4      | Found a white marble altar of Elyvilon.
  4042 | D:4      | Found a sacrificial altar of Ru.
  4200 | D:4      | Found a blossoming altar of Fedhas.
  4200 | D:4      | Found a basalt altar of Yredelemnul.
  4603 | D:5      | Entered Level 5 of the Dungeon
  4695 | D:5      | Found Amefiaro's Book Shop.
  4772 | D:5      | Noticed Sigmund
  4782 | D:5      | Killed Sigmund
  4940 | D:5      | Found a shimmering altar of Xom.
  4943 | D:5      | Found a shimmering altar of Xom.
  4955 | D:5      | Found a shimmering altar of Xom.
  4955 | D:5      | Found a shimmering altar of Xom.
  4956 | D:5      | Found a shimmering altar of Xom.
  4970 | D:5      | Reached XP level 8. HP: 31/38 MP: 9/9
  5033 | D:5      | Found a staircase to the Ecumenical Temple.
  5057 | D:5      | You fall into a shaft and drop 2 floors!
  5068 | D:7      | Reached skill level 6 in Unarmed Combat
  5071 | D:7      | Reached **** piety under Trog
  5151 | D:7      | Reached skill level 5 in Stealth
  5389 | D:7      | Noticed Menkaure
  5404 | D:7      | Killed Menkaure
  5472 | D:7      | Reached skill level 7 in Unarmed Combat
  5678 | D:5      | Reached XP level 9. HP: 33/42 MP: 10/10
  6134 | D:6      | Reached skill level 8 in Unarmed Combat
  6174 | D:6      | Reached ***** piety under Trog
  7318 | D:8      | Noticed a two-headed ogre
  7515 | D:8      | Killed a two-headed ogre
  7515 | D:8      | Reached skill level 10 in Dodging
  7515 | D:8      | Reached skill level 9 in Unarmed Combat
  7515 | D:8      | Reached XP level 10. HP: 22/48 MP: 11/11
  7650 | D:8      | Found an opulent altar of Gozag.
  7748 | D:8      | Found a shattered altar of Ashenzari.
  8243 | D:8      | Found a staircase to the Lair.
  8787 | D:9      | Found Vaikep's General Store.
  8791 | D:9      | Noticed Maggie
  8796 | D:9      | Killed Maggie
  8813 | D:9      | Found a flagged portal.
  8818 | D:9      | Found a runed translucent gate.
  8818 | D:9      | Found a runed translucent gate.
  8818 | D:9      | Found a runed translucent gate.
  8819 | D:9      | Noticed a spectral centaur warrior
  8819 | D:9      | Noticed a spectral centaur warrior
  8827 | Bailey   | Entered a bailey
  8832 | Bailey   | Noticed an orc warlord
  8868 | Bailey   | Noticed an orc knight
  8877 | Bailey   | Killed an orc knight
  8877 | Bailey   | Reached skill level 10 in Unarmed Combat
  8900 | Bailey   | Found a runed translucent gate.
  8902 | Bailey   | Found a runed translucent gate.
  8904 | Bailey   | Found a runed translucent gate.
  8981 | Bailey   | Killed an orc warlord
  8990 | Bailey   | Identified the Compendium of Conjuration and the Arsonist
  9226 | D:9      | Bought a wand of acid (8) for 288 gold pieces
  9426 | D:9      | Noticed Erolcha
  9436 | D:9      | Killed Erolcha
  9436 | D:9      | Reached skill level 10 in Stealth
  9496 | D:9      | Reached XP level 11. HP: 52/52 MP: 12/12
  9998 | D:9      | Noticed alcopop's ghost (journeyman DsWr)
 10079 | D:9      | Found a shadowy altar of Dithmenos.
 10198 | D:9      | Identified 2 scrolls of acquirement
 10199 | D:9      | Found the amulet of Vitality {Regen+ HP+15}
 10201 | D:9      | Identified the ring "Plog" {+Fly Slay+2 Stlth+} (You
                  | acquired it on level 9 of the Dungeon)
 10229 | D:10     | Entered Level 10 of the Dungeon
 10362 | D:10     | Reached skill level 1 in Evocations
 10393 | D:10     | Reached skill level 11 in Unarmed Combat
 11273 | D:11     | Noticed a purple ugly thing
 11303 | D:10     | Killed a purple ugly thing
 11522 | D:11     | Found a staircase to the Orcish Mines.
 11711 | D:11     | Reached skill level 12 in Unarmed Combat
 11759 | D:11     | Noticed Urug
 11774 | D:11     | Killed Urug
 11910 | D:11     | Noticed a brown ugly thing
 11917 | D:11     | Killed a brown ugly thing
 12032 | D:11     | Gained mutation: Your thick and shaggy fur keeps you warm.
                  | (AC +3, rC+) [Felid growth]
 12032 | D:11     | Reached XP level 12. HP: 58/58 MP: 16/16
 12446 | D:12     | Reached skill level 5 in Evocations
 12523 | D:12     | Reached skill level 10 in Fighting
 12567 | D:12     | Found a snail-covered altar of Cheibriados.
 12568 | D:12     | Found Cheibriados's Comfort Zone.
 12831 | D:12     | Noticed a seven-headed hydra
 12845 | D:12     | Killed a seven-headed hydra
 13268 | D:13     | Noticed a centaur warrior
 13282 | D:13     | Reached skill level 13 in Unarmed Combat
 13287 | D:13     | Killed a centaur warrior
 13463 | D:13     | Noticed a centaur warrior
 13480 | D:13     | Killed a centaur warrior
 13764 | D:13     | Found a gate to the Vaults.
 13764 | D:13     | Noticed a vault guard
 13764 | D:13     | Noticed a vault guard
 13764 | D:13     | Noticed a vault guard
 13770 | D:13     | Killed a vault guard
 13770 | D:13     | Reached XP level 13. HP: 63/63 MP: 19/19
 14077 | D:13     | Reached skill level 14 in Unarmed Combat
 14182 | D:13     | Reached ****** piety under Trog
 14735 | Lair:1   | Entered Level 1 of the Lair of Beasts
 14735 | Lair:1   | Found a frozen archway.
 15489 | Lair:1   | Noticed a fire dragon
 15517 | Lair:1   | Killed a fire dragon
 15723 | Lair:2   | Noticed Gastronok
 15732 | Lair:2   | Killed Gastronok
 16120 | Lair:2   | Found a hole to the Spider Nest.
 16235 | Lair:2   | Slain by a komodo dragon
 16236 | Lair:2   | Reached XP level 12. HP: 0/75 MP: 19/19
 16332 | Lair:2   | Noticed a six-headed hydra
 16338 | Lair:2   | Killed a six-headed hydra
 16469 | Lair:2   | Found a staircase to the Swamp.
 17605 | Lair:3   | Reached XP level 13. HP: 63/63 MP: 20/20
 17808 | Lair:4   | Noticed Nessos
 17819 | Lair:4   | Found a gate leading to a gauntlet.
 17828 | Lair:4   | Shot with an arrow by Nessos
 17829 | Lair:4   | Reached XP level 12. HP: -2/75 MP: 19/19
 17888 | Gauntlet | Entered a Gauntlet
 17888 | Gauntlet | Found a transporter.
 17888 | Gauntlet | Found a transporter.
 17893 | Gauntlet | Found a transporter.
 17893 | Gauntlet | Found a transporter.
 17903 | Gauntlet | Noticed a queen ant
 17904 | Gauntlet | Found a transporter.
 17911 | Gauntlet | Found a transporter.
 17919 | Gauntlet | Noticed a great orb of eyes
 17921 | Gauntlet | Found a transporter.
 17921 | Gauntlet | Found a transporter.
 17926 | Gauntlet | Found a transporter.
 17955 | Gauntlet | Found a transporter.
 17962 | Gauntlet | Found a transporter.
 17982 | Gauntlet | Found a transporter.
 17985 | Gauntlet | Noticed a queen ant
 18015 | Gauntlet | Found a transporter.
 18029 | Gauntlet | Found a transporter.
 18130 | Gauntlet | Found a transporter.
 18145 | Gauntlet | Noticed a death scarab
 18150 | Gauntlet | Found a transporter.
 18245 | Gauntlet | Killed a queen ant
 18329 | Gauntlet | Got a warped granite ring
 18378 | Gauntlet | Reached skill level 15 in Unarmed Combat
 18379 | Gauntlet | Killed a great orb of eyes
 18427 | Gauntlet | Got a smoking golden ring
 18437 | Gauntlet | Identified the +11 war axe of Okawaru's Displeasure
                  | {vorpal, rC+}
 18437 | Gauntlet | Noticed a minotaur
 18446 | Gauntlet | Killed a minotaur
 18519 | Lair:4   | Killed Nessos
 18660 | Lair:4   | Noticed a five-headed hydra
 18667 | Lair:4   | Killed a five-headed hydra
 19238 | Lair:5   | Reached skill level 15 in Dodging
 19661 | Lair:5   | Identified the ring of the Ego {rPois MP+9} (You found it
                  | in a Gauntlet)
 19662 | Lair:5   | Identified the ring "Ygerch" {Fire rN+} (You found it in a
                  | Gauntlet)
 19668 | Lair:5   | Reached skill level 10 in Evocations
 19668 | Lair:5   | Reached XP level 13. HP: 64/64 MP: 19/21
 19953 | Lair:6   | Entered Level 6 of the Lair of Beasts
 20274 | Lair:6   | Reached XP level 14. HP: 69/69 MP: 22/22
 20921 | Lair:6   | HP: 6/126 [dire elephant (15)]
 20921 | Lair:6   | HP: 1/126 [dire elephant (5)]
 21102 | Lair:6   | Found a staircase to the Slime Pits.
 21103 | Lair:6   | Found a viscous altar of Jiyva.
 21559 | Lair:3   | Reached skill level 16 in Unarmed Combat
 21754 | Orc:1    | Entered Level 1 of the Orcish Mines
 22025 | Orc:2    | Entered Level 2 of the Orcish Mines
 22029 | Orc:1    | Noticed Fannar
 22033 | Orc:1    | You fall into a shaft and drop 1 floor!
 22506 | Orc:1    | Killed Fannar
 22882 | Orc:2    | Found a staircase to the Elven Halls.
 23333 | Orc:2    | Found Fuyfemoh's Gadget Shoppe.
 23334 | Orc:2    | Found Dechedd's Antique Weapon Shoppe.
 23336 | Orc:2    | Found Kisej's Jewellery Shop.
 23349 | Orc:2    | Found Fezauj's Weapon Emporium.
 23526 | Orc:2    | Found Goiroubb's Food Emporium.
 23661 | Orc:2    | Bought a phantom mirror for 480 gold pieces
 23661 | Orc:2    | Bought a box of beasts for 320 gold pieces
 23779 | D:14     | Reached XP level 15. HP: 66/73 MP: 23/23
 23812 | D:14     | You fall into a shaft and drop 1 floor!
 23812 | D:15     | Entered Level 15 of the Dungeon
 24647 | D:15     | Noticed Rupert
 24656 | D:15     | Killed Rupert
 24831 | D:15     | Reached skill level 17 in Unarmed Combat
 24878 | D:15     | Paralysed by a hornet for 2 turns
 25383 | D:15     | Found a staircase to the Depths.
 25911 | Swamp:1  | Entered Level 1 of the Swamp
 26882 | Swamp:2  | Noticed Kirke
 26903 | Swamp:2  | Killed Kirke
 26903 | Swamp:2  | Reached XP level 16. HP: 19/79 MP: 24/24
 27169 | Swamp:2  | Found a transporter.
 27170 | Swamp:2  | Identified the +1 trident "Hydra's Undoing" {freeze, rF+}
 27177 | Swamp:2  | Identified the +5 morningstar of True Grit {distort, Str+4}
 27178 | Swamp:2  | Identified the +7 demon whip of Suckorut {vorpal, rElec
                  | Str-5 Int+3}
 27215 | Swamp:2  | Found a transporter.
 27221 | Swamp:2  | Noticed Cotyu's ghost (journeyman GrVM)
 27250 | Swamp:2  | Found a bloodstained altar of Trog.
 27508 | Swamp:3  | Reached skill level 15 in Stealth
 28282 | Swamp:4  | Entered Level 4 of the Swamp
 28282 | Swamp:4  | Noticed a thorn hunter
 28282 | Swamp:4  | Noticed a thorn hunter
 28286 | Swamp:4  | Killed a thorn hunter
 28295 | Swamp:4  | Killed a thorn hunter
 28412 | Swamp:4  | Noticed Donald
 28426 | Swamp:4  | Killed Donald
 28429 | Swamp:4  | Reached skill level 18 in Unarmed Combat
 28732 | Swamp:4  | Noticed a thorn hunter
 28981 | Swamp:4  | Killed a thorn hunter
 29052 | Swamp:4  | Slain by a 27-headed hydra skeleton
 29053 | Swamp:4  | Reached XP level 15. HP: -5/90 MP: 32/32
 29091 | Swamp:4  | Slain by a 27-headed hydra skeleton
 29092 | Swamp:4  | Reached XP level 14. HP: -2/87 MP: 31/31
 29149 | Swamp:4  | Noticed a thorn hunter
 29156 | Swamp:4  | HP: 4/87 [alligator[a spriggan druid] (17)]
 29165 | Swamp:4  | Mangled by an alligator

Levels and vault maps discovered:
D:1:      dpeg_arrival_brainrot, layout_loops_corners
D:2:      layout_basic, grunt_temple_overflow_magic_moments, uniq_robin
D:3:      layout_basic, serial_undead, serial_undead_a, serial_undead_d,
          serial_undead_e, serial_undead_d, serial_undead_c, serial_undead_f,
          serial_undead_e, serial_undead_d, first_ration, hex_tiny,
          minmay_randomly_rotated_circles
D:4:      layout_loops_ring, gammafunk_temple_overflow_pools,
          chequers_temple_overflow_statue_of_worship, hex_large, uniq_duvessa
D:5:      layout_basic, minmay_temple_entry_drinking_statues, serial_shops,
          shop, serial_glass, glass_columns_a, glass_columns_a, xom_redecorated,
          uniq_sigmund
D:6:      minmay_bubble_buster, layout_basic, minmay_manual_mares
D:7:      layout_rooms, uniq_menkaure
D:8:      layout_loops_cross, grunt_gozag_breadcrumbs,
          grunt_lair_entry_orc_guard_hut, grunt_ogre_cave, ashenzari_altar_1
D:9:      layout_basic, nicolae_dithmenos_through_a_glass_darkly, serial_shops,
          nicolae_shop_statue_plus, gammafunk_ghost_necromancy, enter_bailey_1,
          uniq_erolcha, uniq_maggie
D:10:     layout_long_grid, chequers_big_river
D:11:     layout_basic, hiddenorc2_lemuel, uniq_urug
D:12:     layout_gridville, minmay_shop_chei
D:13:     layout_irregular_city, grunt_vaults_entry_tiered, serial_column_ruins,
          column_ruins_open_small, column_ruins_corridor_straight,
          column_ruins_open_tiny, column_ruins_columns_straight,
          column_ruins_open_small
D:14:     layout_stronghold, nicolae_sextant
D:15:     gammafunk_enter_depths_forms, layout_rooms, serial_bayou_pond_a,
          minmay_hedge_maze, uniq_rupert
Lair:1:   dragon1_lemuel, layout_small_grid, portal_ice_cave_entry_pillars_1,
          chequers_serial_rivers_micro_b, serial_bayou_shore_b
Lair:2:   layout_regular_city, palyth_hydra_swamp_entry, dummy_spider_entry,
          uniq_gastronok
Lair:3:   dpeg_oklob_gauntlet, layout_long_grid, serial_rivers,
          chequers_serial_rivers_small_3, chequers_serial_rivers_marsh,
          chequers_serial_rivers_micro_c, chequers_serial_rivers_small_a,
          lemuel_fruit_tree, grunt_megastairs_3
Lair:4:   layout_gridlike, gauntlet_entry_generic, grunt_megastairs_1,
          serial_bayou_shore_b, uniq_nessos
Lair:5:   layout_roguey, serial_bayou_shore_b
Lair:6:   hangedman_lair_in_review, layout_gridlike, slime_altar_1
Swamp:1:  layout_basic_swamp, evilmike_swamp_ruin_house_5
Swamp:2:  layout_basic_swamp, gammafunk_ghost_wrathful_warriors,
          infiniplex_staircase_pool, uniq_kirke
Swamp:3:  layout_falls_marsh, evilmike_swamp_ruin_rubble_2, swamp_pool2,
          water_boxes_lemuel
Swamp:4:  byrel_swamp_growth_death_and_undeath, layout_basic_swamp, uniq_donald
Orc:1:    layout_caves, uniq_fannar
Orc:2:    st_orc_open, layout_diamond_mine, serial_shops, shop

Skill      XL: |  1  2  3  4  5  6  7  8  9 10 11 12 13 14 15 16 |
---------------+-------------------------------------------------+-----
Stealth        | 1 2 3 4 6 8 10 11 13 14 15 | 15.5
Dodging        | 5 6 7 8 10 11 12 15 14 16 17 | 17.5
Unarmed Combat | 4 5 7 9 10 12 15 14 16 17 18 | 18.2
Fighting       | 4 5 6 7 8 9 12 11 13 14 | 14.0
Evocations     | 4 10 8 | 10.1

Action                   |  1- 3 |  4- 6 |  7- 9 | 10-12 | 13-15 | 16-18 || total
-------------------------+-------+-------+-------+-------+-------+-------++-------
Melee: Unarmed           |    97 |   127 |   329 |   884 |  1024 |   219 ||  2680
       Bite              |     7 |    20 |    47 |   124 |   157 |    27 ||   382
       Punch             |     1 |     4 |    11 |    69 |    96 |    21 ||   202
Invok: Berserk           |     4 |     6 |    10 |    34 |    37 |     5 ||    96
       Trog's Hand       |     1 |     2 |     5 |     7 |    16 |     5 ||    36
       Brothers in Arms  |       |       |       |    11 |     9 |     1 ||    21
 Abil: Evoke Flight      |       |       |       |       |     9 |     9 ||    18
Evoke: Wand              |       |       |       |       |    12 |     4 ||    16
  Use: Scroll            |       |    11 |     9 |    16 |     9 |     2 ||    47
       Potion            |       |       |       |     1 |     6 |     1 ||     8
 Stab: Sleeping          |     7 |     6 |    18 |    35 |    48 |     3 ||   117
       Distracted        |       |       |       |     4 |     2 |     2 ||     8
       Betrayed ally     |       |       |       |       |       |     1 ||     1
  Eat: Chunk             |    10 |     9 |    22 |    63 |    64 |     7 ||   175
Armor: Skin              |     3 |     3 |    22 |    21 |    22 |     5 ||    76
Dodge: Dodged            |    57 |   105 |   321 |   876 |  1076 |   269 ||  2704

Table legend:
 A = Non-vault XP
 B = Vault XP
 C = Vault XP percentage of total XP
 D = Non-vault monster count
 E = Vault monster count
 F = Vault count percentage of total count
                 A         B        C        D         E       F
            +---------+---------+-------+---------+---------+-------
      Total |  127687 |   68483 |  34.9 |     679 |     252 |  27.1
            +---------+---------+-------+---------+---------+-------
        D:1 |      36 |       5 |  12.2 |      21 |       1 |   4.5
        D:2 |      36 |       0 |   0.0 |      16 |       0 |   0.0
        D:3 |     271 |     116 |  30.0 |      31 |      16 |  34.0
        D:4 |     290 |     215 |  42.6 |      14 |       2 |  12.5
        D:5 |     438 |     208 |  32.2 |      16 |       1 |   5.9
        D:6 |     561 |     673 |  54.5 |      19 |      13 |  40.6
        D:7 |    1221 |     172 |  12.3 |      28 |       1 |   3.4
        D:8 |    1704 |     849 |  33.3 |      24 |       6 |  20.0
        D:9 |    1326 |    1369 |  50.8 |      23 |       2 |   8.0
       D:10 |    5341 |       3 |   0.1 |      37 |       1 |   2.6
       D:11 |    5436 |    1387 |  20.3 |      48 |      32 |  40.0
       D:12 |    6127 |       0 |   0.0 |      41 |       0 |   0.0
       D:13 |    9593 |    7272 |  43.1 |      37 |      25 |  40.3
       D:14 |    8993 |       0 |   0.0 |      32 |       0 |   0.0
       D:15 |   13302 |    6634 |  33.3 |      38 |      18 |  32.1
     Lair:1 |    1292 |     551 |  29.9 |       7 |       1 |  12.5
     Lair:2 |    3588 |    4049 |  53.0 |      20 |       6 |  23.1
     Lair:3 |    5033 |    1400 |  21.8 |      20 |       4 |  16.7
     Lair:4 |    3409 |    1352 |  28.4 |      10 |       7 |  41.2
     Lair:5 |    4347 |     510 |  10.5 |      19 |       2 |   9.5
     Lair:6 |   11588 |    7994 |  40.8 |      52 |      16 |  23.5
    Swamp:1 |   14900 |       0 |   0.0 |      39 |       0 |   0.0
    Swamp:2 |    6873 |    1584 |  18.7 |      19 |       5 |  20.8
    Swamp:3 |    6923 |     271 |   3.8 |      19 |       2 |   9.5
    Swamp:4 |    9594 |   10181 |  51.5 |      13 |      18 |  58.1
      Orc:1 |    3512 |     934 |  21.0 |      15 |       1 |   6.2
      Orc:2 |    1953 |   13720 |  87.5 |      21 |      35 |  62.5
     Bailey |       0 |    1885 | 100.0 |       0 |      21 | 100.0
   Gauntlet |       0 |    5149 | 100.0 |       0 |      16 | 100.0
            +---------+---------+-------+---------+---------+-------
